 Dungeon Crawl Stone Soup version 0.30.0-10-gfe55d96785 (webtiles) character file.

Game seed: 749393909225390917

49 sampeng1 the Insei (level 3, 24/24 HPs)
             Began as an Octopode Transmuter on May 16, 2023.
             Quit the game on level 5 of the Dungeon.
             The game lasted 00:06:19 (1722 turns).

sampeng1 the Insei (Octopode Transmuter)            Turns: 1722, Time: 00:06:20

Health: 24/24      AC:  1    Str:  6 (9)  XL:     3   Next: 75%
Magic:  6/6        EV: 13    Int: 12 (15) God:
Gold:   31         SH:  0    Dex:  9 (12) Spells: 5/6 levels left

rFire   . .          .
                       - Unarmed
rCold   + . .        (no shield)
rNeg    . . .        (helmet restricted)
rPois   .            (no amulet)
rElec   .            (no ring)
rCorr   .            (no ring)
SInv    .            (no ring)
Will    .....        (no ring)
Stlth   ++           (no ring)
HPRegen 0.24/turn    (no ring)
MPRegen 0.10/turn    (no ring)
                     (no ring)

%: no passive effects
@: no status effects
A: almost no armour, amphibious, 8 rings, camouflage 1, gelatinous body 1,
(nimble swimmer 1), tentacles, cold resistance 1, weak 1
a: no special abilities


You were on level 5 of the Dungeon.
You visited 1 branch of the dungeon, and saw 4 of its levels.

You collected 119 gold pieces.
You spent 88 gold pieces at shops.

Inventory:

Scrolls
 b - a scroll of blinking
 c - 2 scrolls of identify
 d - a scroll of fog {unknown}
Potions
 a - 2 potions of lignification


   Skills:
 + Level 1.7 Fighting
 + Level 2.5 Dodging
 + Level 3.3 Unarmed Combat
 + Level 2.3 Spellcasting
 + Level 2.4 Transmutations


You had 5 spell levels left.
You knew the following spells:

 Your Spells              Type           Power      Damage    Failure   Level
a - Beastly Appendage     Tmut           14%        N/A       10%         1

Your spell library contained the following spells:

 Spells                   Type           Power      Damage    Failure   Level
 Wereblood                Tmut           7%         N/A       14%         2
 Spider Form              Tmut/Pois      4%         N/A       43%         3
 Volatile Blastmotes      Fire/Tloc      2%         2d10      61%         3
 Ice Form                 Ice/Tmut       4%         N/A       85%         4
 Fulminant Prism          Conj/Hex       0%         3d5       95%         4
 Iskenderun's Mystic Bla  Conj/Tloc      1%         2d3       95%         4
 Lee's Rapid Deconstruct  Erth           0%         3d4*      100%        5


Dungeon Overview and Level Annotations

Branches:
Dungeon (3/15)

Altars:
Xom

Shops:
D:2 !


Innate Abilities, Weirdness & Mutations

You cannot wear most types of armour.
You are amphibious.
You can wear up to eight rings at the same time.
Your skin changes colour to match your surroundings (Stealth+).
Your rubbery body absorbs attacks. (AC +1, EV +1)
((You are camouflaged when in or above water. (Stealth+)))
You have tentacles for arms and can constrict up to eight enemies at once.
Your flesh is cold resistant. (rC+)
You are weak. (Str -2)


Message History

Things that are here:
a +0 short sword; 3 stones; a kobold corpse A giant cockroach comes into view.
Found a quarterstaff.
A kobold comes into view. It is wielding a +0 dagger.
Found a stone staircase leading down.
The kobold shouts!
An endoplasm comes into view.
You see here a scroll labelled DYATTA JODGHU.
You tentacle-slap the kobold. Your grab misses the kobold.
You squeeze the kobold.
You kill the kobold!
You tentacle-slap the giant cockroach but do no damage.
Your grab misses the giant cockroach.
Your squeeze misses the giant cockroach.
The giant cockroach barely misses you.
You tentacle-slap the giant cockroach. You grab the giant cockroach.
Your squeeze misses the giant cockroach.
The giant cockroach is severely wounded.
You constrict the giant cockroach, but do no damage.
The giant cockroach completely misses you.
The endoplasm closely misses you.
You tentacle-slap the giant cockroach.
You kill the giant cockroach!
The endoplasm freezes you.
You are frozen.
You resist.
You tentacle-slap the endoplasm but do no damage.
The endoplasm misses you.
You completely miss the endoplasm. The endoplasm closely misses you.
You tentacle-slap the endoplasm but do no damage.
You squeeze the endoplasm.
You kill the endoplasm!
Things that are here:
a +0 dagger; a giant cockroach corpse
d - a scroll labelled DYATTA JODGHU You see here 13 gold pieces.
A sourceless malevolence fills the Dungeon...
You fall into a shaft and drop 2 floors!
The shaft crumbles and collapses.
Are you sure you want to abandon this character and quit the game? (Confirm with "yes".)

......##
......#
.....#
#....#
#....#
#....
#...#
#..@#
#....#
#....#
#....#
+...##
#...#
#...#
#...#


There were no monsters in sight!

Vanquished Creatures
  An adder (D:2)
  A dart slug (D:2)
  5 endoplasms
  2 giant cockroaches
  2 goblins (D:2)
  6 hobgoblins
  4 kobolds
  2 quokkas (D:1)
  2 ball pythons (D:1)
  4 bats
  A frilled lizard (D:3)
  A rat (D:2)
31 creatures vanquished.

Notes
Turn   | Place    | Note
-------+----------+-------------------------------------------
     0 | D:1      | sampeng1 the Octopode Transmuter began the quest for the
                  | Orb.
     0 | D:1      | Reached XP level 1. HP: 13/13 MP: 3/3
   421 | D:1      | Reached XP level 2. HP: 18/18 MP: 3/5
   795 | D:2      | Found Ipayf's Distillery.
   994 | D:2      | Reached XP level 3. HP: 22/23 MP: 6/6
  1054 | D:2      | Found a shimmering altar of Xom.
  1629 | D:2      | Bought a potion of mutation for 88 gold pieces
  1629 | D:2      | Gained mutation: You are weak. (Str -2) [potion of
                  | mutation]
  1629 | D:2      | Gained mutation: Your flesh is cold resistant. (rC+)
                  | [potion of mutation]
  1721 | D:3      | You fall into a shaft and drop 2 floors!
  1721 | D:5      | Entered Level 5 of the Dungeon
  1722 | D:5      | Quit the game

Illustrated notes

Levels and vault maps discovered:
D:1:      wander_arrival_desolate, layout_loops_ring, minmay_misc_feat_iff
D:2:      layout_basic, serial_shops, shop, basic_altar, st_stairs_7
D:3:      layout_rooms
D:5:      layout_gridville, kennysheep_ying_yang, dancing_weapons_uskayaw,
          temple_green, roderic_batcave, minmay_ogre_servants

Action                     || total
---------------------------++-------
  Melee: Unarmed           ||    70
         Constrict         ||    23
         Kick              ||     2
         Tentacles         ||    18
         Punch             ||     1
   Cast: Beastly Appendage ||     5
    Use: Scroll            ||     3
         Potion            ||     2
   Stab: Sleeping          ||     5
 Armour: Skin              ||     7
  Dodge: Dodged            ||    42
